 Dungeon Crawl Stone Soup version 0.27-a0-401-gea03ee85fd (webtiles) character file.

Game seed: 10848145659326410109

145 tilp the Insei (level 5, -1/36 HPs)
             Began as an Octopode Transmuter on Feb 21, 2021.
             Slain by an orc
             ... wielding a +0 whip
              (4 damage)
             ... on level 3 of the Dungeon.
             The game lasted 00:02:41 (2594 turns).

tilp the Insei (Octopode Transmuter)                Turns: 2594, Time: 00:02:42

Health: -1/36      AC:  1    Str: 10    XL:     5   Next: 27%
Magic:  6/8        EV: 13    Int: 16    God:
Gold:   87         SH:  0    Dex: 12    Spells: 5/8 levels left

rFire    + . .     SeeInvis .     - Unarmed
rCold    . . .     Faith    .   (no shield)
rNeg     . . .     Spirit   .   (helmet currently unavailable)
rPois    .         Reflect  .   (no amulet)
rElec    .         Harm     .   h - ring of protection from fire
rCorr    .         Rampage  .   (no ring)
Will     .....                  (no ring)
Stlth    +++.......             (no ring)
HPRegen  0.12/turn              (no ring)
MPRegen  0.11/turn              (no ring)
                                (no ring)
                                (no ring)

@: appendages (expiring), wereblooded
A: almost no armour, stealthy swim, amphibious, 8 rings, constrict 8, tentacle
spike 3, camouflage 1, gelatinous body 1
a: End Transformation


You were on level 3 of the Dungeon.
One of your tentacles had a temporary spike.
You visited 1 branch of the dungeon, and saw 3 of its levels.

You collected 87 gold pieces.

Inventory:

Missiles
 d - 67 stones
 q - 2 boomerangs (quivered)
Jewellery
 h - a ring of protection from fire (left tentacle)
Scrolls
 b - a scroll of fear
 c - a scroll of enchant armour
 f - a scroll of immolation {unknown}
 i - 5 scrolls of teleportation
 k - a scroll of fog
 m - a scroll of noise {unknown}
Potions
 a - a potion of lignification
 e - 2 potions of mutation
 g - 2 potions of curing
 j - 2 potions of degeneration {unknown}
 l - 2 potions of invisibility {unknown}
 n - a potion of attraction {unknown}
 o - a potion of haste {unknown}


   Skills:
 + Level 2.8 Fighting
 - Level 2.0 Dodging
 - Level 4.0 Stealth
 + Level 4.1 Unarmed Combat
 - Level 2.0 Spellcasting
 - Level 2.0 Transmutations


You had 5 spell levels left.
You knew the following spells:

 Your Spells              Type           Power        Failure   Level
a - Beastly Appendage     Tmut           16%          9%          1
b - Wereblood             Tmut           8%           14%         2

Your spell library contained the following spells:

 Spells                   Type           Power        Failure   Level
 Spider Form              Tmut/Pois      2%           38%         3
 Ice Form                 Ice/Tmut       4%           80%         4
 Blade Hands              Tmut           4%           94%         5


Dungeon Overview and Level Annotations

Branches:
Dungeon (3/15)

Altars:


Innate Abilities, Weirdness & Mutations

You cannot wear most types of armour.
You are very stealthy in the water. (Stealth+)
You are amphibious.
You can wear up to eight rings at the same time.
You can use your tentacles to constrict eight enemies at once.
Your skin changes colour to match your surroundings (Stealth+).
Your rubbery body absorbs attacks. (AC +1, EV +1)
One of your tentacles bears a large vicious spike.


Message History

Confirm with . or Enter, or press ? or * to list all spells.
One of your tentacles grows a vicious spike.
Casting: Beastly Appendage (safe; 9% risk of failure)
Confirm with . or Enter, or press ? or * to list all spells.
Your blood is infused with primal strength.
You start resting.
A bat comes into view.
The bat moves out of view.
Your transformation is almost over.
You tentacle-slap the orc but do no damage.
Your grab misses the orc. Your squeeze misses the orc.
The orc hits you but does no damage.
You barely miss the orc. Your grab misses the orc.
You tentacle-slap the orc but do no damage.
Your grab misses the orc. Your squeeze misses the orc. The orc misses you.
The orc wizard gestures at itself while chanting.
The orc wizard flickers and vanishes!
Deactivating autopickup; reactivate with Ctrl-A.
Unknown command.
You miss something. The orc closely misses you. Something hits you.
You barely miss something. The orc hits you with a +0 whip.
Something hits you but does no damage.
You closely miss something. The orc barely misses you. Something hits you.
You barely miss something. You squeeze something!
The orc hits you with a +0 whip. Something barely misses you.
You miss something. You squeeze something. The bat misses you.
The orc hits you with a +0 whip! Something hits you.
* * * LOW HITPOINT WARNING * * *
Unknown command.
You closely miss something.
You pierce something.
Reactivating autopickup.
You feel a bit more experienced.
You howl as the wereblood boils in your veins!
The bat misses you. The orc hits you with a +0 whip!
* * * LOW HITPOINT WARNING * * *
Your Unarmed Combat skill increases to level 4!
You barely miss the orc. Your grab misses the orc. The bat barely misses you.
A rat comes into view.
The orc hits you with a +0 whip.
You die...

#######+####
#..........# ...≈
#.....[....+.≈.≈≈
#..........#...≈≈
#..........#...≈≈
##.............≈≈≈
.........b....≈≈≈≈
########@).....≈≈≈
#o#r.#...≈ #+#..#
.. .w.......#
.........#
.........!
.......o.##
......o...
........##


You could see an orc, a bat and a rat.

Vanquished Creatures
  An orc wizard (D:3)
  A gnoll (D:1)
  6 adders (D:2)
  2 worms (D:2)
  4 leopard geckos
  7 bats
  2 giant cockroaches (D:1)
  3 goblins (D:1)
  6 hobgoblins
  5 jackals (D:2)
  5 kobolds
  2 quokkas (D:2)
  A frilled lizard (D:2)
  2 rats
47 creatures vanquished.

Notes
Turn   | Place    | Note
-------+----------+-------------------------------------------
     0 | D:1      | tilp the Octopode Transmuter began the quest for the Orb.
     0 | D:1      | Reached XP level 1. HP: 13/13 MP: 3/3
     2 | D:1      | Noticed a human
     4 | D:1      | Noticed a troll
     6 | D:1      | Noticed an ogre
     6 | D:1      | Noticed a tengu
     8 | D:1      | Noticed a naga
     8 | D:1      | Noticed a minotaur
    10 | D:1      | Noticed an elf
    10 | D:1      | Noticed a draconian
    12 | D:1      | Noticed a felid
    12 | D:1      | Noticed a halfling
    14 | D:1      | Noticed a spriggan
    16 | D:1      | Noticed a vine stalker
    16 | D:1      | Noticed a centaur
    18 | D:1      | Noticed a demonspawn
    18 | D:1      | Noticed a demigod
    20 | D:1      | Noticed a merfolk
    20 | D:1      | Noticed a ghoul
    23 | D:1      | Noticed a dwarf
    23 | D:1      | Noticed a vampire
    25 | D:1      | Noticed a formicid
    25 | D:1      | Noticed an octopode
    27 | D:1      | Noticed a gargoyle
    41 | D:1      | Reached skill level 1 in Stealth
   363 | D:1      | Reached XP level 2. HP: 18/18 MP: 5/5
   366 | D:1      | Learned a level 2 spell: Wereblood
   780 | D:1      | Reached XP level 3. HP: 21/23 MP: 6/6
  1239 | D:2      | Reached XP level 4. HP: 18/29 MP: 4/7
  2462 | D:2      | Reached XP level 5. HP: 30/35 MP: 6/8
  2594 | D:3      | Slain by an orc

Illustrated notes

Levels and vault maps discovered:
D:1:      kb_arrival_jail, layout_rooms, st_stairs_7
D:2:      layout_rooms
D:3:      layout_basic, grunt_decor_junction, nicolae_qazlal_general_emergency,
          uniq_ijyb

Skill      XL: |  1  2  3  4  5 |
---------------+----------------+-----
Stealth        | 2 3 4 |  4.0
Fighting       | 2 |  2.8
Unarmed Combat | 4 |  4.1
Dodging        | |  2.0
Spellcasting   | |  2.0
Transmutations | |  2.0

Action                   |  1- 3 |  4- 6 || total
-------------------------+-------+-------++-------
Melee: Unarmed           |    62 |    74 ||   136
       Tentacles         |    12 |    12 ||    24
       Constrict         |    12 |    15 ||    27
       Kick              |     7 |     7 ||    14
 Cast: Beastly Appendage |     3 |     7 ||    10
       Wereblood         |     1 |     2 ||     3
  Use: Scroll            |     3 |     4 ||     7
 Stab: Sleeping          |    11 |     3 ||    14
Armor: Skin              |     9 |     2 ||    11
Dodge: Dodged            |    36 |    44 ||    80

Table legend: (Time is in decaauts)
 A = Elapsed time spent in this place.
 B = Non-inter-level travel time spent in this place.
 C = Inter-level travel time spent in this place.
 D = Time resting spent in this place.
 E = Time spent auto-exploring this place.
 F = Levels seen in this place.
 G = Mean time per level.
                   A        B        C        D        E       F      G
               +--------+--------+--------+--------+--------+-----+--------+
         Total |   2586 |   2567 |     19 |    549 |   1678 |   3 |  862.0 |
       Dungeon |   2586 |   2567 |     19 |    549 |   1678 |   3 |  862.0 |
               +--------+--------+--------+--------+--------+-----+--------+

Top non-repeatable levels by time:
     D:1: 1311 daAuts
     D:2: 1224 daAuts
     D:3: 50 daAuts
